 Dungeon Crawl Stone Soup version 0.30-a0-772-g5528072125 (webtiles) character file.

Game seed: 14507622991928574497

788 porpoise the Sneak (level 7, 0/51 HPs)
             Began as a Gnoll Enchanter on Feb 13, 2023.
             Was a Follower of Dithmenos.
             Asphyxiated
             ... on level 6 of the Dungeon.
             The game lasted 00:17:41 (5068 turns).

porpoise the Sneak (Gnoll Enchanter)                Turns: 5068, Time: 00:17:42

Health: 0/51       AC:  6    Str: 13    XL:     7   Next: 87%
Magic:  13/15      EV: 18    Int: 17    God:    Dithmenos [*.....]
Gold:   264        SH:  4    Dex: 12    Spells: 9/17 levels left

rFire   . . .      SeeInvis .    a - +1 dagger (drain)
rCold   . . .      Faith    .    C - +0 buckler
rNeg    . . .      Spirit   .    d - +0 robe
rPois   .          Reflect  .    o - +0 helmet
rElec   .          Harm     .    l - +0 cloak
rCorr   .          Rampage  .    s - +0 pair of gloves
Will    .....                    x - +0 pair of boots
Stlth   ++++                     (no amulet)
HPRegen 0.28/turn                u - +5 ring of evasion
MPRegen 0.14/turn                J - +6 ring of strength

@: lethally poisoned (0 -> -3), confusing by touch, slowed, wreathed by umbra,
very slow
A: fangs 1, strong nose, distributed training
a: Renounce Religion


You were on level 6 of the Dungeon.
You worshipped Dithmenos.
Dithmenos was aware of your devotion.
You visited 2 branches of the dungeon, and saw 7 of its levels.

You collected 264 gold pieces.

Inventory:

Hand Weapons
 a - a +1 dagger of draining (weapon)
 b - the +5 rapier of the Rat {speed, rPois}
   (You found it on level 4 of the Dungeon)

   rPois:     It protects you from poison.
 w - a +1 whip of electrocution
Missiles
 e - 4 poisoned darts (quivered)
 g - 3 throwing nets
 v - 5 javelins
Armour
 d - a +0 robe (worn)
 l - a +0 cloak (worn)
 o - a +0 helmet (worn)
 s - a +0 pair of gloves (worn)
 x - a +0 pair of boots (worn)
 C - a +0 buckler (worn)
Jewellery
 u - a +5 ring of evasion (left hand)
 J - a +6 ring of strength (right hand)
Scrolls
 f - a scroll of enchant weapon
 h - a scroll of enchant armour {unknown}
 i - a scroll of vulnerability {unknown}
 j - a scroll of fear {unknown}
 k - a scroll of teleportation
 m - a scroll of silence
 y - a scroll of noise {unknown}
 A - a scroll of acquirement {unknown}
 B - a scroll of fog {unknown}
 D - a scroll of blinking
 F - a scroll of amnesia {unknown}
 G - a scroll of poison {unknown}
 H - a scroll of summoning
Potions
 c - a potion of invisibility
 n - a potion of resistance
 p - a potion of flight {unknown}
 q - 2 potions of curing
 r - 2 potions of mutation
 t - 2 potions of heal wounds {unknown}
 z - a potion of lignification {unknown}
 E - 2 potions of haste {unknown}
 I - a potion of might {unknown}


   Skills:
 + Level 2.8 Fighting
 + Level 3.9 Short Blades
 + Level 2.8 Long Blades
 + Level 2.8 Axes
 + Level 2.8 Maces & Flails
 + Level 2.8 Polearms
 + Level 2.8 Staves
 + Level 2.8 Ranged Weapons
 + Level 2.8 Throwing
 + Level 2.8 Armour
 + Level 5.4 Dodging
 + Level 6.7 Stealth
 + Level 2.8 Shields
 + Level 2.8 Unarmed Combat
 + Level 5.8 Spellcasting
 + Level 2.3 Conjurations
 + Level 6.0 Hexes
 + Level 2.3 Summonings
 + Level 2.3 Necromancy
 + Level 2.3 Translocations
 + Level 2.3 Transmutations
 + Level 2.3 Fire Magic
 + Level 2.3 Ice Magic
 + Level 2.3 Air Magic
 + Level 2.3 Earth Magic
 + Level 2.3 Poison Magic
 + Level 3.1 Invocations
 + Level 2.8 Evocations


You had 9 spell levels left.
You knew the following spells:

 Your Spells              Type           Power      Damage    Failure   Level
a - Confusing Touch       Hex            25%        N/A       4%          3
e - Ensorcelled Hibernat  Hex/Ice        38%        N/A       4%          2
t - Tukima's Dance        Hex            25%        N/A       4%          3

Your spell library contained the following spells:

 Spells                   Type           Power      Damage    Failure   Level
 Freeze                   Ice            48%        1d6       7%          1
 Blink                    Tloc           24%        N/A       10%         2
 Lesser Beckoning         Tloc           24%        N/A       10%         2
 Sublimation of Blood     Necr           12%        N/A       10%         2
 Dazzling Flash           Conj/Hex       38%        N/A       10%         3
 Frozen Ramparts          Ice            24%        1d4       21%         3
 Gell's Gravitas          Tloc           12%        N/A       21%         3
 Hailstorm                Conj/Ice       12%        3d5       21%         3
 Teleport Other           Tloc           12%        N/A       21%         3
 Haunt                    Necr/Summ      6%         N/A       100%        7
 Disjunction              Tloc           6%         N/A       100%        8


Dungeon Overview and Level Annotations

Branches:
Dungeon (6/15)             Temple (1/1) D:4

Altars:
Ashenzari
Cheibriados
Dithmenos
Hepliaklqana
Kikubaaqudgha
Makhleb
Nemelex Xobeh
Qazlal
Ru
Sif Muna
Trog
Vehumet
Wu Jian
Xom
Yredelemnul
The Shining One


Innate Abilities, Weirdness & Mutations

You have very sharp teeth.
Your uncanny sense of smell can sniff out nearby items.
Your experience applies equally to all skills.


Message History

The kobold hits you but does no damage.
The kobold throws a stone.
The stone hits you.
The kobold zaps a wand.
The puff of flame misses you.
You hit the kobold brigand. You drain the kobold brigand.
The kobold brigand is lightly wounded.
You feel sick. You block the kobold's attack. The kobold misses you.
The kobold brigand hits you with a +0 club.
You are too injured to fight recklessly!
You are too injured to fight recklessly!
Unknown command.
Casting: Confusing Touch (dangerous; 4% risk of failure)
Confirm with . or Enter, or press ? or * to list all spells.
Okay, then.
Unknown command.
Okay, then.
Casting: Confusing Touch (dangerous; 4% risk of failure)
Confirm with . or Enter, or press ? or * to list all spells.
Your hands begin to glow red.
You feel very sick. The kobold closely misses you.
The kobold zaps a wand.
The puff of flame hits you.
The kobold brigand hits you with a +0 club.
* * * LOW HITPOINT WARNING * * *
The kobold completely misses you.
You barely miss the kobold brigand.
The kobold brigand is lightly wounded.
You feel sick. The kobold barely misses you.
The kobold zaps a wand.
The puff of flame hits you!
* * * LOW HITPOINT WARNING * * *
Okay, then.
You feel better. The kobold completely misses you.
The kobold zaps a wand.
The puff of flame misses you.
The kobold brigand barely misses you. x2
The kobold closely misses you. The kobold hits you but does no damage.
Blink to where?
Press: ? - help, Dir - move target
As you read the scroll of blinking, it crumbles to dust.
The kobold brigand throws a curare-tipped dart.
The curare-tipped dart hits you.
You are poisoned.
You have difficulty breathing.
You die...

....# .###. ...... #.... ..
............####... .....
.............#....###......
........... #.......#.......
...........# #..........#...
>..........# #>....#.......
...........#####....K..#._.#.###
#..........##..@.##..........#..
.........<......##..KK..#....#.
# #........##..#####)..........
##.###...........# #K...#......
#..#.............# .........###
##.#.#.......##.... .........
.....#.##....###... ##........
.............# ...## ##.......
.#...........# ... .......


You could see a kobold brigand (drained).

Vanquished Creatures
  Edmund (D:4)
  An ice beast (D:5)
  A phantom (D:5)
  A scorpion (D:5)
  A hound (D:5)
  A gnoll bouda (D:3)
  3 orc priests
  An orc wizard (D:4)
  4 gnolls (D:3)
  13 adders
  A shadow imp (D:4)
  A white imp (D:6)
  2 worms (D:3)
  3 dart slugs
  12 orcs
  A ball python (D:1)
  9 endoplasms
  2 giant cockroaches (D:1)
  5 goblins
  9 hobgoblins
  A jackal (D:4)
  11 kobolds
  2 quokkas
  3 bats (D:1)
  2 frilled lizards (D:1)
  4 rats
  A spectral orc (D:3)
96 creatures vanquished.

Vanquished Creatures (collateral kills)
  2 orcs
2 creatures vanquished.

Vanquished Creatures (others)
  2 dancing weapons
  A fungus (D:1)
3 creatures vanquished.

Grand Total: 101 creatures vanquished

Notes
Turn   | Place    | Note
-------+----------+-------------------------------------------
     0 | D:1      | porpoise the Gnoll Enchanter began the quest for the Orb.
     0 | D:1      | Reached XP level 1. HP: 13/13 MP: 6/6
   112 | D:1      | Reached XP level 2. HP: 19/19 MP: 7/7
   116 | D:1      | Learned a level 2 spell: Ensorcelled Hibernation
   217 | D:1      | Got Sif Muna's Elucidation of Despicable Liturgies and
                  | Topology
   463 | D:1      | Reached skill level 5 in Spellcasting
   463 | D:1      | Reached XP level 3. HP: 25/25 MP: 5/9
   698 | D:1      | Learned a level 3 spell: Confusing Touch
   702 | D:1      | Learned a level 3 spell: Tukima's Dance
   784 | D:2      | Reached skill level 1 in Invocations
  1131 | D:2      | Reached skill level 1 in Fighting
  1131 | D:2      | Reached skill level 1 in Long Blades
  1131 | D:2      | Reached skill level 1 in Axes
  1131 | D:2      | Reached skill level 1 in Maces & Flails
  1131 | D:2      | Reached skill level 1 in Polearms
  1131 | D:2      | Reached skill level 1 in Staves
  1131 | D:2      | Reached skill level 1 in Ranged Weapons
  1131 | D:2      | Reached skill level 1 in Throwing
  1131 | D:2      | Reached skill level 1 in Armour
  1131 | D:2      | Reached skill level 1 in Shields
  1131 | D:2      | Reached skill level 1 in Unarmed Combat
  1131 | D:2      | Reached skill level 1 in Evocations
  1141 | D:2      | Reached XP level 4. HP: 32/32 MP: 9/11
  1621 | D:2      | Reached skill level 1 in Conjurations
  1621 | D:2      | Reached skill level 1 in Summonings
  1621 | D:2      | Reached skill level 1 in Necromancy
  1621 | D:2      | Reached skill level 1 in Translocations
  1621 | D:2      | Reached skill level 1 in Transmutations
  1621 | D:2      | Reached skill level 1 in Fire Magic
  1621 | D:2      | Reached skill level 1 in Ice Magic
  1621 | D:2      | Reached skill level 1 in Air Magic
  1621 | D:2      | Reached skill level 1 in Earth Magic
  1621 | D:2      | Reached skill level 1 in Poison Magic
  1978 | D:3      | Found a basalt altar of Yredelemnul.
  2206 | D:3      | Found a faded altar of an unknown god.
  2356 | D:3      | Reached XP level 5. HP: 22/37 MP: 6/12
  2760 | D:4      | Identified the +5 rapier of the Rat {speed, rPois}
  2789 | D:4      | Found a shadowy altar of Dithmenos.
  2801 | D:4      | Became a worshipper of Dithmenos the Shadowed
  2837 | D:4      | Noticed Edmund
  2852 | D:4      | Killed Edmund
  2853 | D:4      | Reached skill level 5 in Dodging
  2853 | D:4      | Reached XP level 6. HP: 35/44 MP: 9/14
  2950 | D:4      | Found a snail-covered altar of Cheibriados.
  3388 | D:4      | Reached XP level 7. HP: 33/51 MP: 4/15
  3786 | D:4      | Found a staircase to the Ecumenical Temple.
  3792 | Temple   | Entered the Ecumenical Temple
  4104 | D:5      | Entered Level 5 of the Dungeon
  4207 | D:5      | You fall into a shaft and drop 1 floor!
  4273 | D:5      | Reached * piety under Dithmenos
  4408 | D:5      | Found a glowing golden altar of the Shining One.
  4576 | D:5      | Found a bloodstained altar of Trog.
  4687 | D:5      | Found a shimmering altar of Xom.
  5058 | D:6      | Found a radiant altar of Vehumet.
  5068 | D:6      | Asphyxiated

Illustrated notes

Levels and vault maps discovered:
D:1:      tarquinn_simple_flora_water_d, layout_basic, minivault_11
D:2:      layout_loops_corners
D:3:      layout_loops_ring, yredelemnul_forgotten_temple_becter,
          shapermc_ecumenical_altar_totnotflames
D:4:      minmay_inner_zag, layout_loops_corners, marbit_many_paths,
          mainiacjoe_overflow_tiny_flanked, minmay_temple_entry_wispy,
          uniq_edmund
D:5:      layout_basic, trog_hazing_becter, tso_oasis_becter,
          kennysheep_mini_moat
D:6:      layout_cave_pools, vehumet_altar_wand_db, minmay_manual_mares
Temple:   hellmonk_temple_beads

Skill      XL: |  1  2  3  4  5  6  7 |
---------------+----------------------+-----
Spellcasting   | 5 |  5.8
Stealth        | 6 |  6.7
Invocations    | 1 2 3 |  3.1
Fighting       | 1 2 |  2.8
Long Blades    | 1 2 |  2.8
Axes           | 1 2 |  2.8
Maces & Flails | 1 2 |  2.8
Polearms       | 1 2 |  2.8
Staves         | 1 2 |  2.8
Ranged Weapons | 1 2 |  2.8
Throwing       | 1 2 |  2.8
Armour         | 1 2 |  2.8
Shields        | 1 2 |  2.8
Unarmed Combat | 1 2 |  2.8
Evocations     | 1 2 |  2.8
Conjurations   | 1 2 |  2.3
Summonings     | 1 2 |  2.3
Necromancy     | 1 2 |  2.3
Translocations | 1 2 |  2.3
Transmutations | 1 2 |  2.3
Fire Magic     | 1 2 |  2.3
Ice Magic      | 1 2 |  2.3
Air Magic      | 1 2 |  2.3
Earth Magic    | 1 2 |  2.3
Poison Magic   | 1 2 |  2.3
Short Blades   | 3 |  3.9
Dodging        | 5 |  5.4
Hexes          | 6 |  6.0

Action                     |  1- 3 |  4- 6 |  7- 9 || total
---------------------------+-------+-------+-------++-------
  Melee: Whip              |    27 |       |       ||    27
         Bite              |     7 |    10 |     7 ||    24
         Dagger            |    38 |    67 |    60 ||   165
         Punch             |     1 |     3 |       ||     4
         Rapier            |       |    62 |    17 ||    79
  Throw: Dart              |       |     3 |       ||     3
   Cast: Ensorcelled Hiber |     6 |    15 |     4 ||    25
         Confusing Touch   |       |     7 |     1 ||     8
         Tukima's Dance    |       |     2 |     2 ||     4
    Use: Scroll            |     4 |     4 |     3 ||    11
         Potion            |       |     2 |     1 ||     3
   Stab: Sleeping          |    15 |    16 |     5 ||    36
         Confused          |       |     5 |       ||     5
         Invisible         |       |     3 |       ||     3
         Distracted        |       |     1 |     1 ||     2
 Armour: Robe              |    12 |    11 |    15 ||    38
  Dodge: Dodged            |    44 |    80 |    66 ||   190
  Block: Buckler           |       |       |    13 ||    13

Table legend: (Time is in decaauts)
 A = Elapsed time spent in this place.
 B = Non-inter-level travel time spent in this place.
 C = Inter-level travel time spent in this place.
 D = Time resting spent in this place.
 E = Time spent auto-exploring this place.
 F = Levels seen in this place.
 G = Mean time per level.
                   A        B        C        D        E       F      G
               +--------+--------+--------+--------+--------+-----+--------+
         Total |   5012 |   4823 |    189 |    728 |   3118 |   7 |  716.0 |
       Dungeon |   4904 |   4725 |    179 |    728 |   3032 |   6 |  817.3 |
        Temple |    108 |     98 |     10 |      0 |     86 |   1 |  108.0 |
               +--------+--------+--------+--------+--------+-----+--------+

Top non-repeatable levels by time:
     D:4: 1316 daAuts
     D:2: 1014 daAuts
     D:3: 1004 daAuts
     D:5: 757 daAuts
     D:1: 718 daAuts
  Temple: 108 daAuts
     D:6: 92 daAuts
